 Dungeon Crawl Stone Soup version 0.29-a0-284-gf9362112df (webtiles) character file.

Game seed: 5743790058514568478

46 mistaj the Conjurer (level 3, 0/21 HPs)
             Began as an Octopode Conjurer on Mar 27, 2022.
             Slain by a gnoll
             ... wielding a +0 flail
              (10 damage)
             ... on level 1 of the Dungeon.
             The game lasted 00:04:19 (2150 turns).

mistaj the Conjurer (Octopode Conjurer)             Turns: 2150, Time: 00:04:20

Health: 0/21       AC:  1    Str:  6    XL:     3   Next: 66%
Magic:  15/15      EV: 13    Int: 22    God:
Gold:   80         SH:  0    Dex: 10    Spells: 6/7 levels left

rFire   . . .      SeeInvis .   j - +2 dagger (flame)
rCold   . . .      Faith    .   (no shield)
rNeg    . . .      Spirit   .   (helmet restricted)
rPois   .          Reflect  .   (no amulet)
rElec   .          Harm     .   i - ring of magical power
rCorr   .          Rampage  .   (no ring)
Will    .....                   (no ring)
Stlth   +++.......              (no ring)
HPRegen 0.07/turn               (no ring)
MPRegen 0.14/turn               (no ring)
                                (no ring)
                                (no ring)

@: no status effects
A: almost no armour, amphibious, 8 rings, camouflage 1, gelatinous body 1,
(nimble swimmer 1), tentacles
a: no special abilities


You were on level 1 of the Dungeon.
You visited 1 branch of the dungeon, and saw 2 of its levels.

You collected 80 gold pieces.

Inventory:

Hand Weapons
 j - a +2 dagger of flaming (weapon)
Jewellery
 i - a ring of magical power (left tentacle)
Scrolls
 b - a scroll of amnesia {unknown}
 c - a scroll of teleportation {unknown}
 d - a scroll of vulnerability {unknown}
 f - a scroll of blinking {unknown}
 g - a scroll of immolation {unknown}
 h - a scroll of magic mapping {unknown}
Potions
 a - 2 potions of magic
 e - a potion of might {unknown}


   Skills:
 - Level 2.0 Dodging
 + Level 3.9 Stealth
 + Level 2.6 Spellcasting
 + Level 4.4 Conjurations


You had 6 spell levels left.
You knew the following spells:

 Your Spells              Type           Power      Damage    Failure   Level
a - Magic Dart            Conj           88%        1d7       1%          1

Your spell library contained the following spells:

 Spells                   Type           Power      Damage    Failure   Level
 Searing Ray              Conj           44%        2d6       3%          2
 Dazzling Flash           Conj/Hex       24%        N/A       16%         3
 Fulminant Prism          Conj/Hex       6%         3d7       45%         4
 Iskenderun's Mystic Bla  Conj/Tloc      12%        2d5       45%         4


Dungeon Overview and Level Annotations

Branches:
Dungeon (2/15)

Altars:

Shops:
D:2 =


Innate Abilities, Weirdness & Mutations

You cannot wear most types of armour.
You are amphibious.
You can wear up to eight rings at the same time.
Your skin changes colour to match your surroundings (Stealth+).
Your rubbery body absorbs attacks. (AC +1, EV +1)
((You are camouflaged when in or above water. (Stealth+)))
You have tentacles for arms and can constrict up to eight enemies at once.


Message History

Found an escape hatch in the ceiling.
Things that are here:
a +0 club; a goblin corpse
There is a stone staircase leading up here.
There is a stone staircase leading up here.
Things that are here:
a +0 club; a goblin corpse
There is an entrance to Ugauc's Jewellery Emporium here.
A gnoll and a rat come into view.
The rat moves out of view.
Casting: Magic Dart (safe; 1% risk of failure)
Confirm with . or Enter, or press ? or * to list all spells.
Aiming: Magic Dart (safe; 1% risk of failure)
Press: ? - help, Shift-Dir - straight line, f - gnoll
Aim: a gnoll, wielding a +0 whip (asleep, 100% to hit)
The magic dart hits the gnoll but does no damage.
The gnoll shouts!
You hear a shout! x2
A gnoll comes into view. It is wielding a +0 flail.
There is an entrance to Ugauc's Jewellery Emporium here.
Things that are here:
a +0 club; a goblin corpse
There is a stone staircase leading up here.
Casting: Magic Dart (safe; 1% risk of failure)
Confirm with . or Enter, or press ? or * to list all spells.
Aiming: Magic Dart (safe; 1% risk of failure)
Press: ? - help, Shift-Dir - straight line, f/p - gnoll
Aim: a gnoll, wielding a +0 whip (100% to hit)
The magic dart hits the gnoll.
The gnoll is moderately wounded.
You climb upwards.
There is a stone staircase leading down here.
Magic restored.
There is a stone staircase leading down here.
You climb downwards.
The gnoll hits you with a +0 flail.
There is a stone staircase leading up here.
The gnoll hits you with a +0 flail.
You climb upwards.
There is a stone staircase leading down here.
The gnoll attacks as you move away! The gnoll hits you with a +0 flail!
You die...

#.......# #.##.....# #.#####.#
#########.##.....# #.#####.#
#..........^......
#.....#.#######.#######.#....###
#####.#.......).........#.......
#.#########.################ #)#
#.# #..........).. ###.#####
#g###.###########. #.......#
#@........)....##. #.#.....#
#.###.########.##. #.########
#.# #.# #..#. #........# #.# #.#
##.#. ########.#
#.###.#########.## #.#
#.##..............
#####.####....###...).)....
#.......####.#.####........
#.......# #.#.#.†###.....#


You could see a gnoll.

Vanquished Creatures
  A dart slug (D:1)
  5 ball pythons (D:1)
  5 endoplasms
  A giant cockroach (D:1)
  8 goblins
  2 hobgoblins (D:1)
  3 kobolds (D:1)
  2 quokkas (D:1)
  5 bats (D:1)
  3 frilled lizards
  4 rats
39 creatures vanquished.

Notes
Turn   | Place    | Note
-------+----------+-------------------------------------------
     0 | D:1      | mistaj the Octopode Conjurer began the quest for the Orb.
     0 | D:1      | Reached XP level 1. HP: 11/11 MP: 3/3
   507 | D:1      | Found a faded altar of an unknown god.
   526 | D:1      | Reached XP level 2. HP: 17/17 MP: 3/5
   953 | D:1      | Reached XP level 3. HP: 21/21 MP: 4/6
  1721 | D:2      | Found Ugauc's Jewellery Emporium.
  2150 | D:1      | Slain by a gnoll

Illustrated notes

Levels and vault maps discovered:
D:1:      minmay_arrival_three_doors, layout_basic,
          hellmonk_ecumenical_altar_zigzags, serial_corexii_hall,
          chequers_hall_statues_y, corexii_hall_statues_i,
          chequers_serial_rivers_micro_c
D:2:      layout_loops_cross, serial_shops, shop, minivault_24

Skill      XL: |  1 |
---------------+----+-----
Stealth        | 3 |  3.9
Dodging        | |  2.0
Spellcasting   | |  2.6
Conjurations   | |  4.4

Action                   || total
-------------------------++-------
Melee: Unarmed           ||     4
       Tentacles         ||     3
 Cast: Magic Dart        ||    63
Armor: Skin              ||     2
Dodge: Dodged            ||    12

Table legend: (Time is in decaauts)
 A = Elapsed time spent in this place.
 B = Non-inter-level travel time spent in this place.
 C = Inter-level travel time spent in this place.
 D = Time resting spent in this place.
 E = Time spent auto-exploring this place.
 F = Levels seen in this place.
 G = Mean time per level.
                   A        B        C        D        E       F      G
               +--------+--------+--------+--------+--------+-----+--------+
         Total |   2152 |   2095 |     57 |   1136 |    638 |   2 | 1076.0 |
       Dungeon |   2152 |   2095 |     57 |   1136 |    638 |   2 | 1076.0 |
               +--------+--------+--------+--------+--------+-----+--------+

Top non-repeatable levels by time:
     D:1: 1999 daAuts
     D:2: 153 daAuts
